Map: Ruby Rock LE

Players

SpeCial

  • Race: Protoss Protoss
  • League: Grandmaster
  • Spawn Location: 11:00

A.I. 1 (Very Easy) - Winner!

  • Race: Zerg Zerg
  • Spawn Location: 5:00

VOD

Have the link to the VOD?

Description

Time

  • Played on: Jan. 2, 2026, 2:04 p.m.
  • Length: 7:38
Show
View Real Time Build Order
Export as new Build Order

SpeCial Protoss 

Build Orders: Phoenix Opening, Blink Stalkers 

Get SALT Encoding   

  12  0:00  Probe  
  13  0:12  Probe  
  14  0:17  Pylon  
  14  0:23  Probe  
  15  0:31  Probe  
  15  0:38  Gateway  
  15  0:39  Probe  
  16  0:45  Assimilator  
  17  0:51  Probe  
  17  0:54  Assimilator  
  18  1:00  Probe  
  19  1:08  Probe  
  19  1:11  Gateway  
  19  1:18  Probe  
  21  1:25  Cybernetics Core  
  21  1:30  Probe  
  21  1:32  Pylon  
  22  1:42  Probe  
  23  1:54  Probe  
  23  1:59  Stalker  
  24  2:02  Sentry  
  24  2:03  Warp Gate  
  28  2:14  Pylon  
  27  2:25  Nexus  
  28  2:30  Probe  
  28  2:36  Stalker  
  28  2:40  Stalker  
  32  2:47  Probe  
  33  2:54  Shield Battery  
  33  2:58  Probe  
  34  3:06  Twilight Council, Probe  
  34  3:11  Phoenix  
  35  3:14  Probe  
  36  3:23  Blink  
  36  3:26  Probe  
  37  3:35  Probe  
  37  3:38  Probe  
  39  3:43  Probe  
  39  3:46  Probe  
  39  3:47  Gateway  
  40  3:53  Probe  
  40  3:54  Probe  
  42  4:00  Stalker  
  42  4:01  Stalker  
  47  4:04  Probe  
  47  4:05  Probe  
  49  4:10  Pylon  
  49  4:16  Probe  
  50  4:17  Probe  
  50  4:18  Robotics Facility  
  51  4:28  Probe  
  51  4:30  Probe  
  53  4:36  Nexus  
  53  4:40  Pylon  
  53  4:43  Probe x2  
  55  4:48  Assimilator  
  55  4:53  Forge  
  55  4:55  Probe x2  
  55  4:58  Stalker  
  59  5:01  Stalker  
  59  5:03  Protoss Ground Weapons Level 1  
  59  5:05  Stalker  
  59  5:07  Observer  
  63  5:09  Probe  
  63  5:10  Probe  
  66  5:17  Gateway  
  66  5:19  Gateway  
  66  5:22  Probe x2  
  66  5:23  Charge  
  68  5:30  Observer  
  68  5:34  Probe  
  70  5:37  Gateway  
  70  5:45  Probe, Shield Battery  
  70  5:48  Probe x2  
  73  5:50  Pylon  
  73  5:52  Stalker  
  73  5:56  Stalker, Probe  
  77  5:59  Stalker  
  77  6:00  Probe x2  
  82  6:08  Probe  
  82  6:11  Gateway  
  83  6:12  Probe x2  
  83  6:16  Gateway  
  85  6:20  Probe  
  85  6:21  Pylon  
  85  6:24  Probe x2  
  88  6:26  Gateway  
  88  6:29  Stalker  
  88  6:30  Stalker  
  92  6:33  Probe  
  92  6:35  Pylon  
  92  6:39  Probe  
  94  6:40  Pylon  
  94  6:47  Nexus  
  94  6:51  Pylon  
  94  6:55  Zealot x3  
  94  6:56  Pylon  
  100  7:03  Zealot x3  
  100  7:08  Zealot  
  108  7:10  Probe x3  
  108  7:14  Observer  
  112  7:20  Photon Cannon  
  112  7:23  Photon Cannon  
  112  7:25  Photon Cannon  
  112  7:27  Zealot x5  
Show
View Real Time Build Order
Export as new Build Order

A.I. 1 (Very Easy) Zerg - Winner!

Build Orders: Pool First 

Get SALT Encoding   

  12  0:01  Drone  
  13  0:12  Overlord  
  13  0:16  Drone  
  14  0:35  Spawning Pool  
  14  0:36  Extractor  
  14  0:39  Drone  
  13  0:47  Drone  
  14  0:52  Overlord  
  14  1:23  Zergling x2  
  14  1:25  Queen  
  17  1:33  Roach Warren  
  17  1:36  Drone  
  17  1:40  Extractor  
  17  1:44  Zergling x2  
  17  1:45  Drone  
  18  1:57  Drone  
  19  2:05  Zergling x2  
  19  2:08  Drone  
  21  2:19  Drone  
  22  2:29  Drone  
  23  2:32  Overlord  
  23  2:37  Drone  
  24  2:44  Drone  
  25  4:48  Zergling x2  
  25  6:05  Lair, Drone  
  26  6:12  Drone  
  27  6:20  Drone  
  28  6:27  Drone  
  28  6:28  Overlord  
  29  6:34  Drone  
  30  6:43  Zergling x2  
  28  7:02  Overseer  
  28  7:03  Overseer  
  28  7:06  Zergling x2  
  28  7:08  Spire  
  28  7:22  Hatchery  
Tags
 
Add a new tag
Caveats
  • Supply blocks, unpowered buildings, or Contaminate may cause inaccurate times.
  • Supply counts are checked every 10 seconds.